 Dungeon Crawl Stone Soup version 0.24.1-14-gf8d2b509d9 (webtiles) character file.

Game seed: 12449670664862668285, levelgen mode: deterministic

235158 Bodigarde the Bludgeoner (level 18, -4/145 HPs)
             Began as a Mummy Necromancer on May 19, 2020.
             Was the Champion of Kikubaaqudgha.
             Slain by a deep troll (15 damage)
             ... led by an ironheart preserver
             ... on level 13 of the Dungeon.
             The game lasted 03:16:01 (55076 turns).

Bodigarde the Bludgeoner (Mummy Necromancer)       Turns: 55076, Time: 03:16:02

Health: -4/145     AC: 10    Str: 13    XL:     18   Next: 46%
Magic:  6/35       EV: 27    Int: 14    God:    Kikubaaqudgha [******]
Gold:   3288       SH: 14    Dex: 22    Spells: 13/44 levels left

rFire    x . .     SeeInvis .   b - +9 demon whip (pain)
rCold    + + +     Gourm    .   J - +0 shield of Cudion {Dex+3}
rNeg     + + +     Faith    .   O - +2 troll leather armour {Snorg}
rPois    ∞         Spirit   .   P - +1 hat {MR+}
rElec    .         Reflect  +   V - +0 cloak {rC+}
rCorr    .         Harm     .   B - +0 pair of gloves
MR       ++++.                  D - +0 pair of boots
Stlth    ++........             w - amulet of Caunaudy {Reflect +Blink rC+ Slay+3 SH+3}
HPRegen  0.74/turn              t - ring of protection from magic
MPRegen  0.24/turn              k - +6 ring of evasion

@: no status effects
A: no food or potions, fire vulnerability, cold resistance 1, negative energy
resistance 3, torment resistance, unbreathing, in touch with death 1
}: 2/15 runes: decaying, gossamer
a: Receive Corpses, Torment, Renounce Religion, Evoke Blink


You were on level 13 of the Dungeon.
You worshipped Kikubaaqudgha.
Kikubaaqudgha was exalted by your worship.
You were not hungry.

You visited 7 branches of the dungeon, and saw 33 of its levels.
You also visited: Ice Cave.

You collected 3638 gold pieces.
You spent 350 gold pieces at shops.

Inventory:

Hand Weapons
 a - the +11 eveningstar of a volcano {drain, rF++ Str+2 Dex+7}
   (You acquired it on level 14 of the Dungeon)

   A truly terrible weapon, it drains the life of those it strikes.
   It affects your strength (+2).
   It affects your dexterity (+7).
   It greatly protects you from fire.
 b - a +9 demon whip of pain (weapon)
Missiles
 f - 89 poisoned darts (quivered)
 m - 854 stones
 s - 49 boomerangs
 C - 14 curare-tipped darts
Armour
 B - a +0 pair of gloves (worn)
 D - a +0 pair of boots (worn)
 J - the +0 shield of Cudion (worn) {Dex+3}
   (You found it on level 2 of the Lair of Beasts)

   It affects your dexterity (+3).
 O - a +2 troll leather armour (worn) {Snorg}
 P - a +1 hat of magic resistance (worn)
 V - a +0 cloak of cold resistance (worn)
Jewellery
 k - a +6 ring of evasion (right hand)
 l - an uncursed ring of fire
 r - an uncursed ring of flight
 t - a ring of protection from magic (left hand)
 w - the amulet of Caunaudy (around neck) {Reflect +Blink rC+ Slay+3 SH+3}
   (You found it on level 7 of the Dungeon)

   [amulet of reflection]

   It shields you and reflects attacks.
   It affects your accuracy and damage with ranged weapons and melee attacks
   (+3).
   It protects you from cold.
   It lets you blink.
   It affects your SH (+3).
 G - an uncursed ring of protection from magic
 M - an uncursed ring of protection from cold
 T - the ring "Feban" {Ice *Contam rElec rN++ MR+ Int+4}
   (You found it in an ice cave)

   [ring of ice]

   It enhances your ice magic.
   It affects your intelligence (+4).
   It makes you vulnerable to fire.
   It protects you from cold.
   It insulates you from electricity.
   It greatly protects you from negative energy.
   It affects your resistance to hostile enchantments.
   It causes magical contamination when unequipped.
Wands
 i - a wand of iceblast (37)
 p - a wand of random effects (70)
 u - a wand of flame (72)
 v - a wand of clouds (5)
 y - a wand of polymorph (12)
 E - a wand of paralysis (24)
 H - a wand of acid (21)
 I - a wand of disintegration (43)
 K - a wand of scattershot (9)
 R - a wand of digging (13)
Scrolls
 c - 2 scrolls of enchant weapon
 d - 15 scrolls of remove curse
 e - 2 scrolls of blinking
 g - 3 scrolls of fog
 h - 13 scrolls of teleportation
 j - 2 scrolls of silence
 o - 2 scrolls of fear
 q - 13 scrolls of identify
 z - a scroll of vulnerability
 F - 6 scrolls of magic mapping
 L - 7 scrolls of amnesia
 N - 2 scrolls of immolation
Miscellaneous
 x - a box of beasts
 W - a lamp of fire


   Skills:
 + Level 13.8 Fighting
 * Level 15.8 Maces & Flails
 + Level 12.0 Dodging
 - Level 1.5 Stealth
 + Level 7.2 Shields
 + Level 13.5 Spellcasting
 + Level 12.8 Necromancy
 - Level 1.3 Ice Magic
 - Level 4.2 Earth Magic
 - Level 5.4 Evocations


You had 13 spell levels left.
You knew the following spells:

 Your Spells              Type           Power        Failure   Level  Hunger
a - Pain                  Necr           ####         1%          1    N/A
b - Simulacrum            Ice/Necr       #####.....   91%         6    N/A
c - Vampiric Draining     Necr           ######....   1%          3    N/A
d - Animate Dead          Necr           N/A          1%          4    N/A
e - Corpse Rot            Necr           N/A          1%          2    N/A
f - Dispel Undead         Necr           ######..     3%          5    N/A
g - Agony                 Necr           ######..     3%          5    N/A
h - Borgnjor's Vile Clut  Necr/Erth      ######....   22%         5    N/A

Your spell library contained the following spells:

 Spells                   Type           Power        Failure   Level  Hunger
 Animate Skeleton         Necr           N/A          1%          1    N/A
 Corona                   Hex            #......      26%         1    N/A
 Infusion                 Chrm           #...         26%         1    N/A
 Magic Dart               Conj           #...         26%         1    N/A
 Shock                    Conj/Air       #...         26%         1    N/A
 Summon Small Mammal      Summ           #...         26%         1    N/A
 Ensorcelled Hibernation  Hex/Ice        ##....       30%         2    N/A
 Blink                    Tloc           N/A          36%         2    N/A
 Call Imp                 Summ           #.......     36%         2    N/A
 Shroud of Golubria       Chrm/Tloc      #.....       36%         2    N/A
 Slow                     Hex            #.......     36%         2    N/A
 Song of Slaying          Chrm           #.......     36%         2    N/A
 Swiftness                Chrm/Air       #.......     36%         2    N/A
 Call Canine Familiar     Summ           #.......     61%         3    N/A
 Confuse                  Hex            #.......     61%         3    N/A
 Conjure Flame            Conj/Fire      #.......     61%         3    N/A
 Dazzling Spray           Conj/Hex       #.....       61%         3    N/A
 Gell's Gravitas          Tloc           #.........   61%         3    N/A
 Lesser Beckoning         Tloc           #.........   61%         3    N/A
 Mephitic Cloud           Conj/Pois/Air  #.......     61%         3    N/A
 Portal Projectile        Hex/Tloc       #.....       61%         3    N/A
 Spectral Weapon          Hex/Chrm       #.......     61%         3    N/A
 Static Discharge         Conj/Air       #.......     61%         3    N/A
 Summon Guardian Golem    Hex/Summ       #.......     61%         3    N/A
 Teleport Other           Tloc           #.......     61%         3    N/A
 Tukima's Dance           Hex            #.......     61%         3    N/A
 Summon Ice Beast         Ice/Summ       ##......     89%         4    N/A
 Airstrike                Air            #.........   95%         4    N/A
 Force Lance              Conj/Tloc      #.......     95%         4    N/A
 Passage of Golubria      Tloc           N/A          95%         4    N/A
 Summon Lightning Spire   Summ/Air       #.......     95%         4    N/A
 Lightning Bolt           Conj/Air       #.........   100%        5    N/A
 Dispersal                Tloc           #.........   100%        6    N/A
 Spellforged Servitor     Conj/Summ      #.........   100%        7    N/A
 Summon Hydra             Summ           #.........   100%        7    N/A
 Controlled Blink         Tloc           N/A          100%        8    N/A
 Disjunction              Tloc           #.........   100%        8    N/A
 Regeneration             Chrm/Necr      Unusable     N/A         3    N/A
 Statue Form              Tmut/Erth      Unusable     N/A         6    N/A

Dungeon Overview and Level Annotations

Branches:
Dungeon (15/15)            Temple (1/1) D:7            Lair (6/6) D:11
  Swamp (4/4) Lair:2       Spider (4/4) Lair:2        Slime (0/5) Lair:5
    Orc (2/2) D:12            Elf (0/3) Orc:2        Vaults (1/5) D:13
 Depths (0/5) D:15          IceCv (visited)

Altars:
Ashenzari
Cheibriados
Fedhas
Gozag
Hepliaklqana
Kikubaaqudgha
Makhleb
Nemelex Xobeh
Okawaru
Ru
Sif Muna
Trog
Uskayaw
Vehumet
Wu Jian
Xom
Yredelemnul
Zin
The Shining One
Beogh
Jiyva

Shops:
D:10 :[:   D:14 %   Orc:2 ([!*

Annotations:
D:8 3 runed translucent doors, Mryle's ghost, novice SpEn
Swamp:1 2 transporters


Innate Abilities, Weirdness & Mutations

You do not eat or drink.
Your flesh is vulnerable to fire.
You are immune to poison.
Your flesh is cold resistant. (rC+)
You are immune to negative energy. (rN+++)
You are immune to unholy pain and torment.
You can survive without breathing.
You are in touch with the powers of death.


Message History

Aiming: Vampiric Draining (safe; 1% risk of failure)
Press: ? - help, Shift-Dir - straight line, f/p - deep troll
Aim: a deep troll (heavily wounded, fast)
You feel a surge of power!
The deep troll is heavily wounded.
You feel life coursing into your body. You block the deep troll's attack.
The deep troll completely misses you. The deep troll closely misses you.
You block the deep troll's attack. The deep troll completely misses you.
You block the deep troll's attack.
Unknown command.
You blink.
You block the deep troll's attack. x2
The deep troll completely misses you. The deep troll misses you.
The deep troll claws you but does no damage.
The deep troll claws you!
* * * LOW HITPOINT WARNING * * *
Unknown command.
The deep troll completely misses you. You block the deep troll's attack. x2
The deep troll completely misses you. The deep troll claws you!
You die...
Kikubaaqudgha rasps: "You have failed me!
Welcome... oblivion!"

##.#...#....##.###.......########
##.#..<#....##.#.................
##.#...#....##.#.#........##.....
##.#...#....##.#.###......[......
##.########.##########....##.....
#..%........#....§..##....##.....
#...........#..(∩)..##....##.....
#...........#...TT..#.....####.#.
##..........####@####.#####....#.
##.#########..........# #.##.#.
#.....................# ###.####.
.....#######.........## #........
#...........#+######## #...####.
...#.....D..#..#....# #...# #.
##.#..#######.)####'# #...# #.
(..#..#.....#..'....# #...# #.
####..#.###.####.#### #...# #.


You could see 2 deep trolls and an acid dragon (fleeing).

Vanquished Creatures
  the Lernaean hydra (Swamp:4)
  Kirke (Spider:2)
  Roxanne (Swamp:1)
  2 thorn hunters (Swamp:4)
  A vault warden (Vaults:1)
  Louise (Spider:1)
  5 emperor scorpions
  3 ghost moths (Spider:4)
  An ironheart preserver (D:13)
  A very ugly thing (Swamp:2)
  3 entropy weavers
  A spark wasp (Spider:4)
  An ettin (Orc:2)
  Snorg (Lair:4)
  2 blizzard demons (IceCv)
  A fire dragon (D:15)
  A yaktaur captain (Vaults:1)
  Harold (D:10)
  22 hydras
  5 catoblepae
  A ghost crab (Swamp:2)
  8 alligators
  A shambling mangrove (Swamp:3)
  4 centaur warriors
  7 two-headed ogres
  3 death yaks (Lair:6)
  4 tengu warriors
  A deep troll shaman (D:13)
  2 ogre magi
  A hell knight (D:15)
  3 deep elf knights
  Nergalle (Lair:4)
  3 spriggan druids
  2 deep trolls
  2 unseen horrors
  2 deep elf archers (D:14)
  6 swamp dragons
  2 orc knights
  2 wizards
  2 ironbrand convokers (Vaults:1)
  12 deep elf magi (D:14)
  12 orb spiders
  2 necromancers (D:13)
  An ugly thing (D:12)
  3 moths of wrath (Spider:2)
  2 manticores
  4 orc sorcerers
  3 cyclopes
  42 wolf spiders
  A black mamba (Lair:6)
  Maurice (D:10)
  14 elephants
  A gargoyle (D:7)
  8 spiny frogs
  2 torpor snails (Spider:4)
  An ice statue (IceCv)
  5 centaur skeletons
  4 kobold demonologists
  3 rime drakes
  5 komodo dragons
  5 ice devils (IceCv)
  An efreet (D:7)
  4 freezing wraiths (IceCv)
  12 demonic crawlers
  A golden dragon simulacrum (IceCv)
  2 anaconda simulacra (IceCv)
  A tengu conjurer (D:14)
  9 tyrant leeches
  3 polar bears
  A wolf spider simulacrum (IceCv)
  11 trolls
  17 hornets
  2 bog bodies (Swamp:4)
  35 jumping spiders
  Grinder (D:6)
  20 slime creatures
  8 dream sheep
  10 blink frogs
  9 hippogriffs
  3 spriggans
  32 tarantellas
  Sigmund (D:5)
  56 redbacks
  3 shadows
  2 wyverns (D:11)
  A dire elephant simulacrum (IceCv)
  2 basilisks
  A hog (Spider:2)
  A hungry ghost (D:12)
  42 yaks
  A death yak simulacrum (IceCv)
  Edmund (D:5)
  6 insubstantial wisps (Swamp:3)
  23 vampire mosquitoes
  15 swamp worms
  5 iron troll simulacra (IceCv)
  2 acid dragons
  5 harpy simulacra (IceCv)
  2 hydra simulacra (IceCv)
  2 soldier ants
  9 water moccasins
  2 sky beasts
  8 porcupines
  16 orc warriors
  3 ettin simulacra (IceCv)
  12 swamp drakes
  3 ice beasts
  19 ogres
  3 necrophages
  3 eyes of draining
  9 wolves
  20 centaurs
  3 phantoms
  5 boggarts
  7 big kobolds
  9 crocodiles
  20 bullfrogs
  A gnoll sergeant (D:6)
  A wyvern zombie (D:14)
  5 scorpions
  3 killer bees (D:8)
  6 wights
  An elephant simulacrum (IceCv)
  3 electric eels
  2 howler monkeys
  7 crimson imps
  2 centaur zombies
  6 draconian simulacra (IceCv)
  A quasit (D:12)
  4 jellies
  8 hounds
  13 orc priests
  Crazy Yiuf (D:3)
  4 bullfrog skeletons
  5 iguanas
  Ijyb (D:4)
  10 worker ants
  Natasha (thrice) (D:3)
  19 orc wizards
  4 hell rats (Lair:2)
  A killer bee zombie (D:9)
  2 centaur simulacra (IceCv)
  A hound skeleton (D:9)
  A howler monkey zombie (D:7)
  8 gnolls
  4 naga simulacra (IceCv)
  12 adders
  5 shadow imps
  7 white imps (IceCv)
  7 ufetubi (IceCv)
  2 oozes (Lair:5)
  An adder zombie (D:7)
  4 worms
  2 dart slugs
  3 leopard geckos
  62 orcs
  6 bats
  4 giant cockroaches
  6 goblins
  8 hobgoblins
  5 jackals
  20 kobolds
  6 quokkas
  2 ball pythons
  9 frilled lizards
  A jackal skeleton (D:9)
  A leopard gecko skeleton (D:4)
  A quokka zombie (D:5)
  6 rats
1054 creatures vanquished.

Vanquished Creatures (collateral kills)
  Arachne (Spider:4)
  Asterion (Spider:4)
  Frances (Swamp:1)
  An entropy weaver (Spider:3)
  A spark wasp (Spider:4)
  2 ettins
  2 hydras
  A ghost crab (Swamp:3)
  A death knight (D:12)
  9 two-headed ogres
  2 ogre magi (Orc:1)
  3 death yaks (Lair:6)
  A swamp dragon (Swamp:4)
  A spriggan druid (Swamp:4)
  3 orb spiders
  5 wolf spiders
  A manticore (Lair:6)
  A black mamba (Lair:3)
  A vault sentinel (D:13)
  2 spiny frogs
  A rime drake (Lair:2)
  A tengu conjurer (D:15)
  4 demonic crawlers
  13 jumping spiders
  3 tyrant leeches
  4 trolls
  3 hornets
  A bog body (Swamp:1)
  2 blink frogs
  A dream sheep (Lair:5)
  A shadow (Swamp:2)
  14 redbacks
  2 spriggans
  3 hippogriffs (Lair:6)
  10 yaks
  3 tarantellas
  7 vampire mosquitoes
  A warg (Orc:1)
  An acid dragon (D:11)
  2 swamp worms
  3 water moccasins
  An insubstantial wisp (Swamp:3)
  2 swamp drakes (Swamp:4)
  A black bear (D:7)
  2 orc warriors (Orc:1)
  A boggart (D:13)
  11 ogres (Orc:1)
  2 wolves
  2 crocodiles
  A big kobold (D:8)
  3 bullfrogs
  A crimson imp (D:15)
  A hell rat (Lair:2)
  2 gnolls (D:6)
  An adder (D:8)
  5 orcs
  A rat (D:1)
  A bush (Lair:2)
  A fungus (Lair:4)
159 creatures vanquished.

Vanquished Creatures (others)
  An alligator (Swamp:3)
  A jumping spider (Spider:1)
  4 humans (Spider:3)
  4 insubstantial wisps (Swamp:3)
  A centaur (D:15)
  A bullfrog zombie (D:7)
  An orc wizard (D:7)
  An adder (D:9)
  An adder skeleton (D:7)
  An orc (Orc:2)
  8 fungi
  8 plants
32 creatures vanquished.

Grand Total: 1245 creatures vanquished

Notes
Turn   | Place    | Note
-------+----------+-------------------------------------------
     0 | D:1      | Bodigarde the Mummy Necromancer began the quest for the
                  | Orb.
     0 | D:1      | Reached XP level 1. HP: 13/13 MP: 4/4
    28 | D:1      | Learned a level 1 spell: Animate Skeleton
   292 | D:1      | Reached XP level 2. HP: 20/20 MP: 2/5
  1362 | D:2      | Reached skill level 1 in Fighting
  1470 | D:2      | Reached XP level 3. HP: 26/26 MP: 2/7
  1632 | D:2      | Learned a level 3 spell: Vampiric Draining
  2068 | D:2      | Found a glowing golden altar of the Shining One.
  2479 | D:2      | Reached XP level 4. HP: 32/32 MP: 3/9
  2829 | D:2      | Learned a level 4 spell: Animate Dead
  2859 | D:3      | Noticed Natasha
  2864 | D:3      | Killed Natasha
  2987 | D:3      | Noticed Natasha
  2989 | D:3      | Killed Natasha
  2989 | D:3      | Reached skill level 5 in Necromancy
  2996 | D:3      | Noticed Natasha
  3007 | D:3      | Killed Natasha
  3007 | D:3      | Reached XP level 5. HP: 14/38 MP: 0/10
  4385 | D:3      | Found a hazy altar of Hepliaklqana.
  4537 | D:3      | Found a sparkling altar of Nemelex Xobeh.
  4693 | D:3      | Reached XP level 6. HP: 45/45 MP: 3/12
  4941 | D:3      | Found a runed translucent door.
  4942 | D:3      | Noticed Crazy Yiuf
  5060 | D:4      | Reached skill level 1 in Maces & Flails
  5497 | D:4      | Noticed Ijyb
  5506 | D:4      | Killed Ijyb
  6061 | D:4      | Reached XP level 7. HP: 40/51 MP: 5/13
  6064 | D:4      | Reached skill level 2 in Maces & Flails
  6309 | D:4      | Found an iron altar of Okawaru.
  6310 | D:4      | Found a bloodstained altar of Trog.
  6693 | D:4      | Found a glowing silver altar of Zin.
  7214 | D:5      | Entered Level 5 of the Dungeon
  7220 | D:5      | Reached skill level 5 in Spellcasting
  7510 | D:5      | Reached skill level 3 in Maces & Flails
  7510 | D:5      | Reached XP level 8. HP: 33/58 MP: 4/15
  7877 | D:5      | Found a shimmering altar of Xom.
  8180 | D:5      | Noticed Sigmund
  8189 | D:5      | Killed Sigmund
  8189 | D:5      | Reached skill level 4 in Maces & Flails
  8248 | D:5      | Noticed Edmund
  8680 | D:5      | Found a sacrificial altar of Ru.
  9296 | D:6      | Noticed Grinder
  9381 | D:7      | Found a shattered altar of Ashenzari.
  9498 | D:7      | Found a staircase to the Ecumenical Temple.
  9503 | Temple   | Entered the Ecumenical Temple
  9516 | Temple   | Became a worshipper of Kikubaaqudgha
  9646 | D:7      | Reached XP level 9. HP: 66/66 MP: 14/18
  9916 | D:7      | Found a shimmering altar of Xom.
  9917 | D:7      | Found a shimmering altar of Xom.
  9917 | D:7      | Found an opulent altar of Gozag.
  9917 | D:7      | Found a blossoming altar of Fedhas.
  9944 | D:7      | Noticed a cyclops
 10024 | D:7      | Noticed a gargoyle
 10224 | D:6      | Killed Grinder
 10266 | D:6      | Found a radiant altar of Vehumet.
 10266 | D:6      | Found an ornate altar of the Wu Jian Council.
 10422 | D:7      | Found a shimmering blue altar of Sif Muna.
 10466 | D:7      | Reached skill level 5 in Maces & Flails
 10536 | D:7      | Found a blossoming altar of Fedhas.
 10594 | D:7      | Noticed an efreet
 10900 | D:6      | Reached * piety under Kikubaaqudgha
 10900 | D:6      | Identified Kikubaaqudgha's Tome of Evil (Kikubaaqudgha
                  | gifted it to you on level 6 of the Dungeon)
 10900 | D:6      | Received a gift from Kikubaaqudgha
 10905 | D:6      | Learned a level 2 spell: Corpse Rot
 11131 | D:7      | Reached skill level 5 in Fighting
 11507 | D:7      | Identified Xaanuj's Reference Book on Creative Earth
 11513 | D:7      | Got an iridescent flail
 11514 | D:7      | Identified the +6 flail of Wrongful Imprisonment {freeze,
                  | rF+++ rC+ MR+ Str-4} (You found it on level 7 of the
                  | Dungeon)
 11524 | D:7      | Got a flickering golden amulet
 11552 | D:7      | Noticed a cyclops
 11566 | D:7      | Killed a cyclops
 11651 | D:7      | Noticed a manticore
 11683 | D:7      | Killed a manticore
 11683 | D:7      | Reached skill level 6 in Maces & Flails
 11683 | D:7      | Reached skill level 5 in Dodging
 11683 | D:7      | Reached XP level 10. HP: 37/74 MP: 2/20
 12292 | D:7      | Found an opulent altar of Gozag.
 12293 | D:7      | Found a blossoming altar of Fedhas.
 12294 | D:7      | Found a shimmering altar of Xom.
 12294 | D:7      | Found a shimmering altar of Xom.
 12334 | D:7      | Found a blossoming altar of Fedhas.
 12364 | D:7      | Killed a gargoyle
 12558 | D:7      | Found a staircase to the Ecumenical Temple.
 12667 | D:7      | Found a shattered altar of Ashenzari.
 12675 | D:7      | Killed a cyclops
 13446 | D:7      | Found a shimmering blue altar of Sif Muna.
 13602 | D:5      | Killed Edmund
 13735 | D:3      | Killed Crazy Yiuf
 14011 | D:8      | Found a shimmering altar of Xom.
 14201 | D:8      | Identified the amulet of Caunaudy {Reflect +Blink rC+
                  | Slay+3 SH+3} (You found it on level 7 of the Dungeon)
 14346 | D:8      | Reached skill level 1 in Evocations
 14591 | D:8      | Noticed a three-headed hydra
 15110 | D:8      | Reached skill level 7 in Maces & Flails
 15132 | D:8      | Found a runed translucent gate.
 15160 | D:8      | Found a runed translucent gate.
 15161 | D:8      | Found a runed translucent gate.
 15548 | D:8      | Noticed Mryle's ghost (novice SpEn)
 15592 | D:8      | Killed a three-headed hydra
 16153 | D:9      | Reached XP level 11. HP: 83/83 MP: 21/23
 16203 | D:9      | Found an ancient bone altar of Kikubaaqudgha.
 16218 | D:9      | Noticed an orc sorcerer
 16224 | D:9      | Killed an orc sorcerer
 16276 | D:9      | Reached ** piety under Kikubaaqudgha
 16608 | D:9      | Found a hide-covered altar of Uskayaw.
 16745 | D:10     | Entered Level 10 of the Dungeon
 17058 | D:10     | Noticed Maurice
 17065 | D:10     | Killed Maurice
 17182 | D:10     | Noticed a centaur warrior
 17196 | D:10     | Killed a centaur warrior
 17305 | D:10     | Noticed Harold
 17335 | D:10     | Killed Harold
 17590 | D:10     | Found Paichu's Book Boutique.
 17697 | D:10     | Found Gackiv's Antique Armour Emporium.
 17728 | D:10     | Bought a wizard robe for 119 gold pieces
 17728 | D:10     | Identified the +1 robe "Dutzu" {rN+ MR+ Str+3} (You bought
                  | it in a shop on level 10 of the Dungeon)
 17740 | D:10     | Found Henliaj's Book Boutique.
 17808 | D:10     | Reached skill level 8 in Maces & Flails
 18558 | D:11     | Reached *** piety under Kikubaaqudgha
 18558 | D:11     | Identified Kikubaaqudgha's Volume of Evil (Kikubaaqudgha
                  | gifted it to you on level 11 of the Dungeon)
 18558 | D:11     | Received a gift from Kikubaaqudgha
 18571 | D:11     | Learned a level 5 spell: Dispel Undead
 18580 | D:11     | Learned a level 5 spell: Agony
 18586 | D:11     | Learned a level 5 spell: Borgnjor's Vile Clutch
 18717 | D:11     | Found a staircase to the Lair.
 19942 | Lair:1   | Entered Level 1 of the Lair of Beasts
 19948 | Lair:1   | Reached skill level 1 in Earth Magic
 20570 | Lair:1   | Reached skill level 10 in Necromancy
 20570 | Lair:1   | Reached XP level 12. HP: 87/91 MP: 9/25
 20778 | Lair:1   | Noticed a six-headed hydra
 20785 | Lair:1   | Killed a six-headed hydra
 21745 | Lair:2   | Reached skill level 9 in Maces & Flails
 21748 | Lair:2   | Reached **** piety under Kikubaaqudgha
 22050 | Lair:2   | Noticed a seven-headed hydra
 22065 | Lair:2   | Found a staircase to the Swamp.
 22173 | Lair:2   | Killed a seven-headed hydra
 22173 | Lair:2   | Reached skill level 10 in Spellcasting
 22488 | Lair:2   | Got a dazzling shield
 22494 | Lair:2   | Identified the cursed +0 shield of Cudion {Dex+3} (You
                  | found it on level 2 of the Lair of Beasts)
 22541 | Lair:2   | Found a hole to the Spider Nest.
 24961 | Lair:4   | Noticed a five-headed hydra
 24967 | Lair:4   | Killed a five-headed hydra
 25079 | Lair:4   | Gained mutation: You are in touch with the powers of death.
                  | [Mummy growth]
 25079 | Lair:4   | Reached XP level 13. HP: 99/99 MP: 27/27
 25279 | Lair:4   | Noticed Nergalle
 25297 | Lair:4   | Killed Nergalle
 26060 | Lair:4   | Learned a level 6 spell: Simulacrum
 26141 | Lair:5   | Noticed Snorg
 26149 | Lair:4   | Killed Snorg
 26474 | Lair:5   | Found a staircase to the Slime Pits.
 26596 | Lair:5   | Reached skill level 10 in Maces & Flails
 26596 | Lair:5   | Reached skill level 5 in Evocations
 27587 | Lair:6   | Entered Level 6 of the Lair of Beasts
 27870 | Lair:6   | Reached skill level 1 in Ice Magic
 28256 | Lair:6   | Reached ***** piety under Kikubaaqudgha
 29734 | Lair:6   | Reached skill level 11 in Maces & Flails
 29741 | Lair:6   | Reached XP level 14. HP: 92/108 MP: 19/29
 30340 | Lair:6   | Found the +4 dagger "Morg" {pain, MR+ Int+5}
 31175 | D:12     | Found a staircase to the Orcish Mines.
 31384 | D:12     | Reached skill level 10 in Fighting
 31624 | D:12     | Found a roughly hewn altar of Beogh.
 31757 | D:12     | Reached ****** piety under Kikubaaqudgha
 31994 | D:12     | Found a radiant altar of Vehumet.
 33509 | D:13     | Found a gate to the Vaults.
 34301 | Orc:1    | Entered Level 1 of the Orcish Mines
 34460 | Orc:1    | Reached skill level 12 in Maces & Flails
 34606 | Orc:1    | Found a bloodstained altar of Trog.
 35049 | Orc:2    | Entered Level 2 of the Orcish Mines
 36396 | Orc:2    | Reached XP level 15. HP: 118/118 MP: 30/30
 36511 | Orc:2    | Found a staircase to the Elven Halls.
 36654 | Orc:2    | Found Kogimod's Assorted Antiques.
 36655 | Orc:2    | Found Umathem's Distillery.
 36655 | Orc:2    | Found Lyawoen's Antique Weapon Emporium.
 36655 | Orc:2    | Found Faymuf's Armour Shop.
 36666 | Orc:2    | Bought a +2 helmet for 231 gold pieces
 37411 | D:14     | Identified a scroll of acquirement
 37415 | D:14     | Got a jewelled eveningstar
 37416 | D:14     | Identified the +11 eveningstar of a volcano {drain, rF++
                  | Str+2 Dex+7} (You acquired it on level 14 of the Dungeon)
 37628 | D:14     | Found Wis Odac's Food Emporium.
 37713 | D:14     | Found an opulent altar of Gozag.
 38048 | D:14     | Reached skill level 13 in Maces & Flails
 38291 | D:14     | Reached skill level 1 in Shields
 38637 | D:14     | Reached skill level 10 in Dodging
 38954 | D:15     | Entered Level 15 of the Dungeon
 39430 | D:15     | Found a staircase to the Depths.
 39502 | D:15     | Identified a +6 demon whip of pain (a +4 demon whip
                  | bloodied by Kikubaaqudgha)
 39502 | D:15     | Received a gift from Kikubaaqudgha
 40595 | Spider:1 | Entered Level 1 of the Spider Nest
 40629 | Spider:1 | Found a frozen archway.
 40633 | IceCv    | Entered an ice cave
 42171 | IceCv    | Got a bound bone ring
 42207 | Spider:1 | Identified the ring "Feban" {Ice *Contam rElec rN++ MR+
                  | Int+4} (You found it in an ice cave)
 42556 | Spider:1 | Reached XP level 16. HP: 74/127 MP: 31/31
 42947 | Spider:1 | Reached skill level 14 in Maces & Flails
 43351 | Spider:1 | Noticed Louise
 43363 | Spider:1 | Killed Louise
 45049 | Spider:3 | Noticed Kirke
 45086 | Spider:2 | Killed Kirke
 45300 | Spider:3 | Reached skill level 5 in Shields
 46373 | Spider:4 | Entered Level 4 of the Spider Nest
 46511 | Spider:4 | Noticed Asterion
 46523 | Spider:4 | Killed Asterion
 46753 | Spider:4 | Reached XP level 17. HP: 129/135 MP: 33/33
 47089 | Spider:4 | Noticed Arachne
 47113 | Spider:4 | Killed Arachne
 48159 | Spider:4 | Reached skill level 15 in Maces & Flails
 49095 | Spider:4 | Got a gossamer rune of Zot
 49207 | Swamp:1  | Entered Level 1 of the Swamp
 49331 | Swamp:1  | Found a transporter.
 49752 | Swamp:1  | Found a transporter.
 50036 | Swamp:1  | Noticed Frances
 50052 | Swamp:1  | Killed Frances
 50250 | Swamp:1  | Identified Roxanne's Volume of Clay
 50250 | Swamp:1  | Noticed Roxanne
 50302 | Swamp:1  | Killed Roxanne
 52392 | Swamp:3  | Reached XP level 18. HP: 117/144 MP: 21/35
 52750 | Swamp:4  | Entered Level 4 of the Swamp
 53216 | Swamp:4  | Noticed the 27-headed Lernaean hydra
 53482 | Swamp:4  | Got a decaying rune of Zot
 53765 | Swamp:4  | Killed the 27-headed Lernaean hydra
 54570 | Vaults:1 | Entered Level 1 of the Vaults
 54631 | Vaults:1 | HP: 6/145 [yaktaur captain/bolt (23)]
 55076 | D:13     | Slain by a deep troll

Levels and vault maps discovered:
D:1:      wheals_arrival_shading, layout_basic, serial_glass, glass_columns_a,
          glass_columns_a, feat_on_display
D:2:      layout_basic, tso_altar
D:3:      layout_basic, nemelex_xobeh_ov_fountains_minmay, lemuel_round_altar,
          uniq_natasha, uniq_crazy_yiuf_cottage
D:4:      layout_loops_cross, grunt_temple_overflow_bloody_war,
          overflow_temple_1_default, first_ration, hangedman_decor_slide_cut,
          grunt_ministairs_12, st_stairs_10, kennysheep_generic_room_8,
          uniq_ijyb
D:5:      layout_loops_ring, kennysheep_mini_moat, basic_altar,
          sigmund_edmund_badplayer
D:6:      layout_basic, gammafunk_temple_overflow_wave, uniq_grinder
D:7:      minmay_the_grid_octo_2x2 [minmay_the_grid_octo_vomiting_pacman,
          minmay_the_grid_octo_shrine, minmay_the_grid_octo_77,
          minmay_the_grid_octo_prize_square_snowflake], layout_loops_corners,
          lemuel_crystal_altar, led_sif_pool, temple_doors_e, st_stairs_5,
          roderic_serpentine_path, lemuel_altar_in_water
D:8:      layout_loops_corners, old_standard_altar, gammafunk_ghost_spectres,
          hangedman_ranch [blue_anna_fruit_fields]
D:9:      cheibrodos_wizards_tower, layout_cave_pools, marbit_many_paths,
          basic_altar
D:10:     layout_loops_corners, serial_shops, shop, shop, shop_statue,
          uniq_maurice, uniq_harold
D:11:     layout_irregular_city, erik_lair_dragon
D:12:     layout_gridville, minmay_orc_entry_temple_small, minmay_ruined_shrine
D:13:     layout_basic, david_vaults_1
D:14:     minmay_elf_outpost, layout_rooms, serial_shops, shop_coins,
          nicolae_gozag_seed_capital
D:15:     hangedman_depths_entry_civil_slaughter, layout_irregular_city,
          serial_rivers, chequers_serial_rivers_micro_a,
          chequers_serial_rivers_micro_e, chequers_serial_rivers_room_a,
          chequers_serial_rivers_micro_b
Temple:   pf_slimified_temple
Lair:1:   layout_regular_city, grunt_megastairs_3, infiniplex_staircase_pool
Lair:2:   layout_chaotic_city, minmay_swamp_entry_worms,
          nicolae_spider_entry_non_spiders, small_statue_intersection,
          minivault_27, lemuel_fruit_fields
Lair:3:   layout_roguey
Lair:4:   layout_regular_city, minmay_stone_trees_medium,
          chequers_serial_rivers_small_3, uniq_nergalle
Lair:5:   layout_cave_pods, nicolae_slime_entry_slimehenge, uniq_snorg
Lair:6:   evilmike_catoblepas_cave, layout_gridlike, kilobyte_rumbling_trees
Swamp:1:  gammafunk_its_a_trap, layout_basic_swamp, serial_swamp_ruin,
          hangedman_swamp_ruin_hall, hangedman_swamp_ruin_wall,
          evilmike_swamp_ruin_house_3, swamp_pool1, cheibrodos_swamp_kobolds,
          uniq_roxanne, uniq_frances
Swamp:2:  layout_basic_swamp, evilmike_swamp_ruin_house_4
Swamp:3:  layout_basic_swamp, evilmike_swamp_ruin_house_5, swamp_pool3
Swamp:4:  swamp, layout_basic_swamp
Spider:1: layout_spider_delve, portal_ice_cave_entry_pillars_three, drop_trap,
          uniq_louise
Spider:2: layout_spider_delve
Spider:3: layout_spider_delve, uniq_kirke
Spider:4: spider_rune_water, uniq_arachne, uniq_asterion
Orc:1:    layout_caves, bloody_trog
Orc:2:    st_orc_ogre_mass, layout_caves
Vaults:1: hangedman_vaults_slice, vaults_mumra_hexcomb, v_misc_18,
          hangedman_vaults_snaps, ontoclasm_vaults_idyll, v_misc_25, v_rooms_1,
          nicolae_vaults_specimen_jars, v_pattern_2,
          nicolae_vaults_angled_halls, layout_vaults_omnicross, serial_shops,
          shop, lightli_enter_wizlab_magi_temple, basic_altar

Skill      XL: |  1  2  3  4  5  6  7  8  9 10 11 12 13 14 15 16 17 18 |
---------------+-------------------------------------------------------+-----
Spellcasting   | 3 4 5 6 7 8 9 10 11 12 13 | 13.5
Fighting       | 1 2 3 4 5 6 7 8 9 11 12 13 | 13.8
Dodging        | 2 3 4 5 6 7 8 9 10 11 12 | 12.0
Necromancy     | 5 6 7 8 9 10 11 12 | 12.8
Maces & Flails | 1 3 4 6 7 8 9 11 12 13 14 15 | 15.8
Evocations     | 2 3 4 5 |  5.4
Earth Magic    | 1 3 4 |  4.2
Ice Magic      | 1 |  1.3
Shields        | 3 5 6 7 |  7.2
Stealth        | |  1.5

Action                   |  1- 3 |  4- 6 |  7- 9 | 10-12 | 13-15 | 16-18 || total
-------------------------+-------+-------+-------+-------+-------+-------++-------
Melee: Dagger            |       |     2 |       |       |       |       ||     2
       Flail             |       |    20 |   232 |   543 |   839 |       ||  1634
       Mace              |       |    10 |       |       |       |       ||    10
       Eveningstar       |       |       |       |       |   252 |   121 ||   373
       Demon whip        |       |       |       |       |   141 |  1135 ||  1276
 Fire: Hunting sling     |       |     6 |       |       |       |       ||     6
Throw: Boomerang         |       |       |     4 |       |     3 |       ||     7
       Dart              |       |       |     3 |     8 |    13 |     8 ||    32
 Cast: Pain              |    83 |   136 |   123 |   162 |    91 |    11 ||   606
       Animate Skeleton  |    17 |     3 |       |       |       |       ||    20
       Animate Dead      |       |    13 |    22 |    60 |   118 |   122 ||   335
       Vampiric Draining |       |     3 |    43 |    48 |    41 |    35 ||   170
       Agony             |       |       |       |    40 |   142 |    75 ||   257
       Dispel Undead     |       |       |       |     6 |    41 |     7 ||    54
       Corpse Rot        |       |       |       |     5 |     9 |     1 ||    15
       Borgnjor's Vile C |       |       |       |     1 |       |       ||     1
Invok: Brand Weapon With |       |       |       |       |     1 |       ||     1
       Receive Corpses   |       |       |       |       |       |     2 ||     2
 Abil: Evoke Blink       |       |       |       |       |     2 |     6 ||     8
Evoke: Wand              |       |       |       |     1 |       |     2 ||     3
  Use: Scroll            |     1 |     3 |     4 |    11 |    14 |    10 ||    43
 Stab: Distracted        |       |       |     3 |     1 |    11 |    21 ||    36
       Sleeping          |       |       |       |     8 |     2 |     3 ||    13
       Petrified         |       |       |       |       |     5 |       ||     5
Armor: Robe              |     6 |    13 |    15 |    29 |     9 |       ||    72
       Leather armour    |       |       |    30 |    23 |       |       ||    53
       Troll leather arm |       |       |       |       |   216 |   135 ||   351
Dodge: Dodged            |    19 |    76 |   284 |   544 |  1365 |  1015 ||  3303
Block: Other             |       |       |       |    67 |   184 |       ||   251
       Reflection        |       |       |       |     3 |    19 |    20 ||    42
       Shield            |       |       |       |       |       |   808 ||   808
